 Dungeon Crawl Stone Soup version 0.23.2-1-ga50397a (webtiles) character file.

Game seed: 14232149527079639543

70 Fang the Skirmisher (level 4, -1/29 HPs)
             Began as a Gargoyle Berserker on May 29, 2019.
             Was a Believer of Trog.
             Slain by a gnoll
             ... wielding a +0 spear
              (6 damage)
             ... on level 4 of the Dungeon.
             The game lasted 00:02:06 (2140 turns).

Fang the Skirmisher (Gargoyle Berserker)            Turns: 2140, Time: 00:02:07

Health: -1/29      AC:  5    Str: 22    XL:     4   Next: 21%
Magic:  4/4        EV: 12    Int:  7    God:    Trog [**....]
Gold:   156        SH:  0    Dex:  9    Spells: 3/3 levels left

rFire    . . .     SeeInvis .   a - +0 war axe
rCold    . . .     Gourm    .   (no shield)
rNeg     + . .     Faith    .   b - +0 animal skin
rPois    ∞         Spirit   .   (no helmet)
rElec    +         Reflect  .   (no cloak)
rCorr    .         Harm     .   (no gloves)
MR       .....                  (no boots)
Stlth    +.........             (no amulet)
HPRegen  0.09/turn              (no ring)
MPRegen  0.09/turn              (no ring)

@: berserk cooldown, slowed, very slow
A: negative energy resistance 1, electricity resistance, unbreathing,
petrification resistance, rot immunity, AC +3
a: Berserk, Trog's Hand, Renounce Religion


You were on level 4 of the Dungeon.
You worshipped Trog.
Trog was pleased with you.
You were hungry.

You visited 1 branch of the dungeon, and saw 4 of its levels.

You collected 156 gold pieces.

Inventory:

Hand Weapons
 a - a +0 war axe (weapon)
Armour
 b - a +0 animal skin (worn)
Scrolls
 d - 4 scrolls of remove curse {unknown}
 f - 4 scrolls of identify {unknown}
 h - a scroll of random uselessness {unknown}
 i - 2 scrolls of enchant weapon {unknown}
 k - a scroll of teleportation {unknown}
Potions
 e - a potion of haste {unknown}
 g - a potion of invisibility {unknown}
 j - 2 potions of curing {unknown}
Comestibles
 c - 8 rations
 l - 10 chunks of flesh


   Skills:
 + Level 3.9 Fighting
 + Level 3.2 Axes
 + Level 3.0 Armour
 + Level 2.2 Dodging


You had 3 spell levels left.
You didn't know any spells.
Your spell library was empty.

Dungeon Overview and Level Annotations

Branches:
Dungeon (4/15)
 Temple: D:4-7

Altars:
Makhleb
The Shining One


Innate Abilities, Weirdness & Mutations

You are resistant to torment.
Your stone body is resilient. (AC +3)
You are immune to poison.
You resist negative energy. (rN+)
You are resistant to electric shocks. (rElec)
You can survive without breathing.
You are immune to petrification.
You are immune to rotting.


Message History

You are feeling hungry.
The worker ant twitches its antennae in your direction.
The gnoll throws a throwing net.
The throwing net hits you.
You become entangled in the net!
You tear a large gash into the net.
You feel a strong urge to attack something.
You struggle against the net.
The gnoll hits you from afar with a +0 spear.
The gnoll barely misses you.
You struggle against the net.
You feel your anger nearly subside.
You are no longer berserk.
You are exhausted.
You feel yourself slow down.
The gnoll hits you from afar with a +0 spear.
The gnoll hits you from afar with a +0 halberd.
The gnoll hits you with a +0 flail.
* * * LOW HITPOINT WARNING * * *
You shred the net and break free! The gnoll hits you but does no damage.
The gnoll hits you from afar with a +0 spear.
You die... #....... #...... ...... #.... ##.a. #Zgg#

#gg.# ###.@#
##....##
##......##
#.........##
...........##
[...........##
.............##
..............#
..............#


You could see a worker ant, 4 gnolls and a quokka skeleton.

Vanquished Creatures
  An adder (D:3)
  A worm (D:2)
  3 dart slugs (D:1)
  A leopard gecko (D:2)
  4 orcs
  2 giant cockroaches
  4 hobgoblins
  5 jackals (D:1)
  7 kobolds
  5 quokkas
  4 bats
  3 frilled lizards
  A goblin (D:3)
  3 rats
44 creatures vanquished.

Notes
Turn   | Place    | Note
-------+----------+-------------------------------------------
     0 | D:1      | Fang the Gargoyle Berserker began the quest for the Orb.
     0 | D:1      | Reached XP level 1. HP: 14/14 MP: 1/1
    66 | D:1      | Reached XP level 2. HP: 19/19 MP: 2/2
   693 | D:1      | Reached XP level 3. HP: 22/23 MP: 3/3
   993 | D:2      | Reached ** piety under Trog
  1420 | D:2      | Found a burning altar of Makhleb.
  1791 | D:3      | Found a glowing golden altar of the Shining One.
  1943 | D:3      | Reached XP level 4. HP: 28/29 MP: 4/4
  2140 | D:4      | Slain by a gnoll

Skill      XL: |  1  2  3  4 |
---------------+-------------+-----
Axes           | 3 |  3.2
Dodging        | 2 |  2.2
Armour         | 3 |  3.0
Fighting       | |  3.9

Action                   |  1- 3 |  4- 6 || total
-------------------------+-------+-------++-------
Melee: Hand axe          |   172 |     6 ||   178
       War axe           |       |    26 ||    26
Invok: Berserk           |       |     1 ||     1
  Eat: Chunk             |     4 |       ||     4
Armor: Animal skin       |    62 |     9 ||    71
Dodge: Dodged            |   145 |    26 ||   171
